AoeStats
← Kaer Morhen

Black Forest

510357543Analyzed
3v3 RM · 2d ago on Sep 30, 2026· 25m 6s· 6 players
Game mode
Random Map
Map size
Normal (6 player)
Population
200
Speed
Normal
Resources
Standard
Victory
Conquest
Starting age
Dark Age
Ending age
Imperial Age
RankedLock teamsTeams togetherTeam positionsShared explorationLock speedFull tech treeHidden civsTurbo modeCheats
Victory
Defeat
🇵🇱 Japanese · Poland
1320
+11
🇨🇿 Teutons · Czechia
1307
+12
🇮🇱 Persians · Israel
1222
+15
🇨🇴 Celts · Colombia
1230
-13
🇧🇷 Persians · Brazil
1217
-13
🇩🇪 Vietnamese · Germany
1186
-12
Dr. Consuegra
14:33 Feudal Age
15:31 Fishing Lines
15:42 Double-Bit Axe
15:39 Horse Collar
18:18 Castle Age
18:33 Scale Barding Armor
18:56 Gillnets
19:20 Gold Mining
19:53 Loom
Murmandus
0:37 Loom
13:13 Feudal Age
13:34 Fishing Lines
13:55 Double-Bit Axe
14:00 Horse Collar
17:35 Castle Age
17:12 Fletching
17:55 Town Watch
18:47 Wheelbarrow
19:50 Bodkin Arrow
HAHA
1:26 Loom
15:27 Feudal Age
19:33 Castle Age
19:13 Stone Mining
19:10 Horse Collar
19:18 Double-Bit Axe
Kaer Morhen
0:47 Loom
14:03 Feudal Age
19:23 Castle Age
17:37 Double-Bit Axe
19:38 Wheelbarrow
21:34 Wheelbarrow
Mike
6:36 Loom
12:07 Feudal Age
15:44 Castle Age
13:47 Double-Bit Axe
13:43 Horse Collar
16:43 Bow Saw
17:26 Wheelbarrow
17:10 Heavy Plow
21:45 Hand Cart
24:17 Scale Barding Armor
GoodFunHaveLuck
1:42 Loom
11:33 Feudal Age
15:26 Castle Age
13:46 Double-Bit Axe
22:37 Scale Mail Armor
25:19 Forging
25:24 Chain Mail Armor
Connection lost

Rejoining the realm…

Still unreachable

The connection could not be restored.

Session expired

The server has moved on; the page needs a fresh start.